 Dungeon Crawl Stone Soup version 0.30-a0-359-gd0147acb1a (webtiles) character file.

Game seed: 2697804625821239877

1165 bande the Chopper (level 8, -2/49 HPs)
             Began as a Gargoyle Fighter on Nov 13, 2022.
             Was a Follower of Okawaru.
             Slain by Duvessa
             ... wielding a +0 rapier
              (11 damage)
             ... on level 6 of the Dungeon.
             The game lasted 00:09:28 (4741 turns).

bande the Chopper (Gargoyle Fighter)                Turns: 4741, Time: 00:09:28

Health: -2/49      AC: 18    Str: 19    XL:     8   Next: 40%
Magic:  9/9        EV:  7    Int: 10    God:    Okawaru [*.....]
Gold:   168        SH:  4    Dex: 11    Spells: 7/7 levels left

rFire   . . .      SeeInvis .    a - +0 war axe
rCold   + . .      Faith    .    c - +0 buckler
rNeg    + . .      Spirit   .    o - +0 chain mail
rPois   ∞          Reflect  .    (no helmet)
rElec   +          Harm     .    x - +2 cloak {rPois}
rCorr   .          Rampage  .    (no gloves)
Will    .....                    (no boots)
Stlth   ..........               (no amulet)
HPRegen 0.28/turn                q - ring of protection from cold
MPRegen 0.11/turn                (no ring)

@: no status effects
A: sickness immunity, AC +5, negative energy resistance 1, electricity
resistance, torment resistance 1, petrification resistance
a: Renounce Religion, Heroism


You were on level 6 of the Dungeon.
You worshipped Okawaru.
Okawaru was aware of your devotion.
You visited 2 branches of the dungeon, and saw 7 of its levels.

You collected 324 gold pieces.
You spent 156 gold pieces at shops.

Inventory:

Hand Weapons
 a - a +0 war axe (weapon)
 d - a +3 vorpal flail
 w - a +0 war axe
Armour
 c - a +0 buckler (worn)
 o - a +0 chain mail (worn)
 x - a +2 cloak of poison resistance (worn)
Jewellery
 m - a ring of ice
 q - a ring of protection from cold (left hand)
 D - a ring of fire
Wands
 p - a wand of mindburst (11)
 s - a wand of iceblast (8)
 v - a wand of polymorph (8)
Scrolls
 g - 2 scrolls of vulnerability {unknown}
 h - 7 scrolls of identify {unknown}
 j - a scroll of poison {unknown}
 l - 2 scrolls of blinking {unknown}
 r - 2 scrolls of magic mapping {unknown}
 u - 3 scrolls of fear {unknown}
 y - a scroll of acquirement {unknown}
 B - 2 scrolls of teleportation {unknown}
Potions
 b - 2 potions of lignification
 e - a potion of heal wounds {unknown}
 f - 3 potions of attraction
 i - 2 potions of brilliance
 k - a potion of resistance
 n - 2 potions of berserk rage {unknown}
 t - a potion of curing
 z - 2 potions of might
 A - a potion of degeneration {unknown}
 C - a potion of invisibility {unknown}


   Skills:
 + Level 5.1 Fighting
 + Level 6.1 Axes
 + Level 5.2 Armour
 + Level 4.2 Shields
 * Level 2.3 Invocations
 * Level 3.1 Evocations


You had 7 spell levels left.
You didn't know any spells.
Your spell library contained the following spells:

 Spells                   Type           Power      Damage    Failure   Level
 Sting                    Tmut/Pois      0%         1d3       99%         1
 Poisonous Vapours        Pois/Air       0%         N/A       100%        2
 Wereblood                Tmut           0%         N/A       100%        2
 Olgreb's Toxic Radiance  Pois           0%         N/A       100%        4
 Passage of Golubria      Tloc           0%         N/A       100%        4
 Yara's Violent Unravell  Hex/Tmut       0%         3d3       100%        5
 Sublimation of Blood     Necr           Unusable   N/A       N/A         2
 Tukima's Dance           Hex            Unusable   N/A       N/A         3
 Summon Hydra             Summ           Unusable   N/A       N/A         7

Dungeon Overview and Level Annotations

Branches:
Dungeon (6/15)             Temple (1/1) D:5

Altars:
Cheibriados
Dithmenos
Elyvilon
Fedhas
Gozag
Hepliaklqana
Kikubaaqudgha
Makhleb
Okawaru
Ru
Sif Muna
Trog
Vehumet
Wu Jian
Xom
Yredelemnul
Zin
The Shining One

Shops:
D:2 ?   D:4 (   D:5 *

Annotations:
D:6 Duvessa


Innate Abilities, Weirdness & Mutations

You are immune to sickness and miasma.
Your stone body is resilient. (AC +5)
You are immune to poison.
You resist negative energy. (rN+)
You are resistant to electric shocks. (rElec)
You are resistant to unholy torment.
You are immune to petrification.


Message History

Duvessa is heavily wounded.
You closely miss Dowan. Duvessa hits you with a +0 rapier!
Dowan casts a spell at you. You resist with some effort.
Unknown command.
You barely miss Duvessa.
Duvessa is heavily wounded.
You closely miss Dowan. Dowan casts a spell at you.
The puff of frost misses you. Duvessa closely misses you.
Unknown command.
You hit Duvessa.
Duvessa is heavily wounded.
You closely miss Dowan. Duvessa hits you but does no damage.
Dowan says, "Magic and the sword, together, will defeat you."
Dowan hits you with a +0 dagger. Dowan barely misses you.
Duvessa hits you but does no damage.
Unknown command.
You hit Duvessa.
Duvessa is severely wounded.
You hit Dowan.
You kill Dowan!
Okawaru accepts your kill.
Duvessa weeps, and shakes her weapon.
Duvessa goes berserk!
You block Duvessa's attack. Duvessa hits you but does no damage.
You hit Duvessa.
Duvessa is almost dead.
Duvessa hits you with a +0 rapier!
* * * LOW HITPOINT WARNING * * *
Duvessa hits you but does no damage.
You barely miss Duvessa.
Duvessa is almost dead.
Duvessa closely misses you.
Unknown command.
Unknown command.
You closely miss Duvessa.
Duvessa is almost dead.
Duvessa hits you with a +0 rapier!
You die...

#............<....#.#...........#
#..........)......#.#######.....#
#.######...#####.##.## #.....#
#[# #.........##..# ####### #.#
#..†#########.# #.# #..)# #.# ..#
#...# ####.#### ###
#......####......$#
#...>.....@.##.##.$...
.........#)e.##.# .###
.................. #
#.......>..#.<.#####
.#.#.......#.... .... ...... ..#
.###.## .. .. #..


You could see Duvessa (berserk).

Vanquished Creatures
  Sigmund (D:4)
  A wyvern (D:6)
  A black bear (D:5)
  An ogre (D:5)
  Blork the orc (D:4)
  A scorpion (D:5)
  Dowan (D:6)
  2 howler monkeys
  2 jellies
  An orc priest (D:4)
  Crazy Yiuf (D:4)
  A hound (D:4)
  2 iguanas
  An orc wizard (D:5)
  7 adders
  A shadow imp (D:3)
  A white imp (D:6)
  6 worms
  2 dart slugs
  14 orcs
  6 ball pythons
  7 endoplasms
  3 giant cockroaches (D:3)
  8 goblins
  10 hobgoblins
  7 kobolds
  8 quokkas
  7 bats
  3 frilled lizards
  6 rats
113 creatures vanquished.

Vanquished Creatures (others)
  A fungus (D:4)
  2 plants (D:1)
3 creatures vanquished.

Grand Total: 116 creatures vanquished

Notes
Turn   | Place    | Note
-------+----------+-------------------------------------------
     0 | D:1      | bande the Gargoyle Fighter began the quest for the Orb.
     0 | D:1      | Reached XP level 1. HP: 14/14 MP: 1/1
    61 | D:1      | Reached XP level 2. HP: 19/19 MP: 2/2
    69 | D:1      | Reached skill level 2 in Axes
   265 | D:1      | Reached XP level 3. HP: 22/23 MP: 3/3
   780 | D:2      | Found Sisueczaha's Magic Scroll Shop.
  1026 | D:2      | Reached skill level 3 in Axes
  1026 | D:2      | Reached XP level 4. HP: 29/29 MP: 4/4
  1089 | D:2      | Identified the +8 falchion of Raabonoro {freeze, rF- Dex+5}
  1997 | D:4      | Reached skill level 1 in Evocations
  1997 | D:4      | Reached XP level 5. HP: 27/33 MP: 5/5
  2555 | D:4      | Noticed Sigmund
  2575 | D:4      | Killed Sigmund
  2576 | D:4      | Reached skill level 4 in Axes
  2576 | D:4      | Reached XP level 6. HP: 27/39 MP: 6/6
  2695 | D:4      | Found a runed translucent door.
  2696 | D:4      | Noticed Crazy Yiuf
  2743 | D:4      | Found Fotoder's Antique Weapon Emporium.
  2746 | D:4      | Bought a glowing flail for 156 gold pieces
  2754 | D:4      | Noticed Blork the orc
  2760 | D:4      | Killed Blork the orc
  2761 | D:4      | Reached XP level 7. HP: 43/44 MP: 7/7
  3150 | D:4      | Killed Crazy Yiuf
  3231 | D:5      | Entered Level 5 of the Dungeon
  3300 | D:5      | Reached skill level 5 in Axes
  3331 | D:5      | Found a staircase to the Ecumenical Temple.
  3347 | Temple   | Entered the Ecumenical Temple
  3446 | Temple   | Became a worshipper of Warmaster Okawaru
  3538 | D:5      | HP: 2/66 [black bear (2)]
  3551 | D:5      | Reached skill level 1 in Invocations
  3973 | D:5      | Found Diemifan's Fire Supplies.
  3979 | D:5      | Reached XP level 8. HP: 44/48 MP: 9/9
  4080 | D:5      | Found an ornate altar of the Wu Jian Council.
  4452 | D:6      | Reached * piety under Okawaru
  4453 | D:6      | Reached skill level 5 in Armour
  4494 | D:6      | Noticed a wyvern
  4500 | D:6      | Reached skill level 5 in Fighting
  4514 | D:6      | Killed a wyvern
  4515 | D:6      | Reached skill level 6 in Axes
  4642 | D:6      | Noticed Duvessa
  4717 | D:6      | Noticed Dowan
  4738 | D:6      | Killed Dowan
  4741 | D:6      | Slain by Duvessa

Illustrated notes

Levels and vault maps discovered:
D:1:      sevenhm_arrival_forest_fort_small_5, layout_basic,
          minmay_shallow_snake_nest
D:2:      layout_loops_cross, serial_shops, nicolae_square_shop, moated_statue
D:3:      minmay_diamond_boxcup, layout_rooms
D:4:      layout_loops_cross, serial_shops, kennysheep_mini_moat,
          uniq_blork_the_orc, uniq_crazy_yiuf_cottage, uniq_sigmund
D:5:      layout_cave_pools, pdpol_wu_jian_five_deadly_venoms,
          minmay_temple_entry_statues, nicolae_shop_fire_sale
          [nicolae_sub_dead_trees], serial_bayou_crossing
D:6:      layout_loops_cross, mainiacjoe_overflow_concentric_impassable,
          uniq_duvessa
Temple:   regret_index_temple_chain_breaker

Skill      XL: |  1  2  3  4  5  6  7  8 |
---------------+-------------------------+-----
Axes           | 2 3 4 5 6 |  6.1
Fighting       | 4 5 |  5.1
Evocations     | 1 2 3 |  3.1
Armour         | 4 5 |  5.2
Shields        | 4 |  4.2
Invocations    | 1 2 |  2.3

Action                   |  1- 3 |  4- 6 |  7- 9 || total
-------------------------+-------+-------+-------++-------
Melee: War axe           |    82 |   177 |   105 ||   364
  Use: Potion            |       |     1 |     7 ||     8
Armor: Scale mail        |    50 |     2 |       ||    52
       Chain mail        |       |   107 |    79 ||   186
       Skin              |       |     3 |    32 ||    35
Dodge: Dodged            |    49 |    62 |    45 ||   156
Block: Buckler           |    22 |    39 |    22 ||    83

Table legend: (Time is in decaauts)
 A = Elapsed time spent in this place.
 B = Non-inter-level travel time spent in this place.
 C = Inter-level travel time spent in this place.
 D = Time resting spent in this place.
 E = Time spent auto-exploring this place.
 F = Levels seen in this place.
 G = Mean time per level.
                   A        B        C        D        E       F      G
               +--------+--------+--------+--------+--------+-----+--------+
         Total |   4857 |   4825 |     32 |    899 |   2874 |   7 |  693.9 |
       Dungeon |   4737 |   4724 |     13 |    899 |   2797 |   6 |  789.5 |
        Temple |    119 |    100 |     19 |      0 |     77 |   1 |  119.0 |
               +--------+--------+--------+--------+--------+-----+--------+

Top non-repeatable levels by time:
     D:4: 1317 daAuts
     D:5: 939 daAuts
     D:3: 712 daAuts
     D:2: 679 daAuts
     D:1: 657 daAuts
     D:6: 431 daAuts
  Temple: 119 daAuts
